 Dungeon Crawl Stone Soup version 0.29.1-2-gbd0b4ee654 (webtiles) character file.

Game seed: 11736373451789540491

5058 Anriel the Blocker (level 10, -9/60 HPs)
             Began as a Gargoyle Fighter on Oct 28, 2022.
             Was a Follower of Qazlal.
             Killed from afar by an acid dragon (25 damage)
             ... with a splash of acid
             ... on level 8 of the Dungeon.
             The game lasted 00:43:27 (8893 turns).

Anriel the Blocker (Gargoyle Fighter)               Turns: 8893, Time: 00:43:28

Health: -9/60      AC: 22    Str: 24    XL:     10   Next: 56%
Magic:  19/19      EV: 21    Int:  9    God:    Qazlal [*.....]
Gold:   253        SH: 18    Dex: 15    Spells: 9/9 levels left

rFire   . . .      SeeInvis +   a - +1 flail
rCold   . . .      Faith    .   b - +0 tower shield
rNeg    + + .      Spirit   .   c - +8 chain mail "Bic Pore" {rN+ Will+ MP+9}
rPois   ∞          Reflect  .   (no helmet)
rElec   +          Harm     .   B - +0 cloak
rCorr   .          Rampage  .   j - +0 pair of gloves
Will    +....                   v - +0 pair of boots
Stlth   ..........              q - amulet of the acrobat
HPRegen 0.20/turn               x - ring of see invisible
MPRegen 0.16/turn               o - +6 ring of dexterity

@: corroded, acrobatic
A: sickness immunity, AC +7, negative energy resistance 1, electricity
resistance, torment resistance 1, petrification resistance
a: Renounce Religion


You were on level 8 of the Dungeon.
You worshipped Qazlal.
Qazlal was aware of your devotion.
You visited 2 branches of the dungeon, and saw 9 of its levels.

You collected 515 gold pieces.
You spent 262 gold pieces at shops.

Inventory:

Hand Weapons
 a - a +1 flail (weapon)
 f - the +1 sling of Turmoil {venom, rPois rN+}
   (You found it on level 5 of the Dungeon)

   Any ammunition fired from it poisons the flesh of those it strikes.
   rPois:     It protects you from poison.
   rN:        It protects you from negative energy.
 p - a +1 vorpal arbalest
Armour
 b - a +0 tower shield (worn)
 c - the +8 chain mail "Bic Pore" (worn) {rN+ Will+ MP+9}
   (You found it on level 3 of the Dungeon)

   rN:        It protects you from negative energy.
   MP:        It affects your magic capacity (+9).
   Will:      It increases your willpower.
 g - +0 steam dragon scales
 j - a +0 pair of gloves (worn)
 l - a +0 plate armour
 u - the +2 ring mail of Entitlement {Int+4}
   (You found it on level 8 of the Dungeon)

   Int:       It affects your intelligence (+4).
 v - a +0 pair of boots (worn)
 B - a +0 cloak (worn)
Jewellery
 i - a ring of positive energy
 n - a +6 ring of strength
 o - a +6 ring of dexterity (right hand)
 q - an amulet of the acrobat (around neck)
 t - a ring of fire
 w - a ring of ice
 x - a ring of see invisible (left hand)
Wands
 r - a wand of roots (29)
Scrolls
 d - a scroll of fear
 k - 3 scrolls of poison
 m - 3 scrolls of teleportation
 y - a scroll of identify
 z - a scroll of blinking
 A - 2 scrolls of enchant weapon
Potions
 e - 2 potions of magic
 h - a potion of flight
 s - a potion of cancellation


   Skills:
 + Level 5.7 Fighting
 * Level 7.4 Maces & Flails
 + Level 2.4 Ranged Weapons
 * Level 8.4 Armour
 + Level 1.5 Dodging
 + Level 10.0 Shields
 + Level 4.7 Evocations


You had 9 spell levels left.
You didn't know any spells.
Your spell library contained the following spells:

 Spells                   Type           Power      Damage    Failure   Level
 Foxfire                  Conj/Fire      0%         2x1d4     100%        1
 Magic Dart               Conj           0%         1d3       100%        1
 Searing Ray              Conj           0%         2d4       100%        2
 Conjure Flame            Conj/Fire      0%         6-21      100%        3
 Inner Flame              Hex/Fire       0%         N/A       100%        3
 Cause Fear               Hex            0%         N/A       100%        4
 Flame Wave               Conj/Fire      0%         2d4       100%        4
 Fulminant Prism          Conj/Hex       0%         3d6       100%        4
 Petrify                  Tmut/Erth      0%         N/A       100%        4
 Irradiate                Conj/Tmut      0%         3d11      100%        5
 Iskenderun's Battlesphe  Conj           0%         2d6       100%        5
 Iron Shot                Conj/Erth      0%         9d1       100%        6
 Dragon Form              Tmut           0%         N/A       100%        7
 Malign Gateway           Summ/Tloc      0%         N/A       100%        7
 Spellforged Servitor     Conj/Summ      0%         N/A       100%        7
 Summon Horrible Things   Summ           0%         N/A       100%        8
 Dragon's Call            Summ           0%         N/A       100%        9
 Sublimation of Blood     Necr           Unusable   N/A       N/A         2

Dungeon Overview and Level Annotations

Branches:
Dungeon (8/15)             Temple (1/1) D:5
   Lair: D:8-11

Altars:
Ashenzari
Cheibriados
Dithmenos
Elyvilon
Fedhas
Gozag
Hepliaklqana
Kikubaaqudgha
Makhleb
Nemelex Xobeh
Qazlal
Ru
Sif Muna
Trog
Uskayaw
Wu Jian
Xom
Yredelemnul
Zin

Shops:
D:7 ?


Innate Abilities, Weirdness & Mutations

You are immune to sickness and miasma.
Your stone body is resilient. (AC +7)
You are immune to poison.
You resist negative energy. (rN+)
You are resistant to electric shocks. (rElec)
You are resistant to unholy torment.
You are immune to petrification.


Message History

a - a +1 flail (weapon)
The kobold brigand closely misses you.
You hit the kobold brigand.
The kobold brigand is heavily wounded.
An orc comes into view. It is wielding a +0 flail.
You block the kobold brigand's attack.
You sock the kobold brigand!
The kobold brigand is severely wounded.
The kobold brigand hits you but does no damage.
You barely miss the kobold brigand.
The kobold brigand is severely wounded.
You block the kobold brigand's attack.
You hit the kobold brigand.
You kill the kobold brigand!
Qazlal accepts your kill. You block the jelly's attack.
You hit the jelly.
Your hands burn!
The jelly is lightly wounded.
The jelly hits you but does no damage.
You sock the jelly!
Your hands burn!
The jelly is almost dead.
The jelly hits you but does no damage.
You hit the jelly.
You kill the jelly!
Qazlal accepts your kill.
You are now surrounded by a storm.
The acid dragon spits acid at you. The splash of acid hits you!
The acid corrodes you!
You hear a shout!
You barely miss the acid dragon. The acid dragon spits acid at you.
The splash of acid hits you!
* * * LOW HITPOINT WARNING * * *
The acid corrodes you!
The acid dragon attacks as you move away!
The acid dragon bites you.
* * * LOW HITPOINT WARNING * * *
You block the acid dragon's attack. The acid dragon spits acid at you.
The splash of acid hits you!!
You die...

###############
...#.........#
..#.#.#####.#
#.#.#.......#
#.#.#.###.#.#
#...#.#...#.#
#.#.#.#.#.#.#
#@#.....#.#.#
#..######.#.###.#.#.#
#......oD.#.......#.#.....
#####.#########.#####.....
.. #.........#..... ##
#.###'###.#.....
#.#)..)[#.#.....
#.##...##.#.....
#.#[...[#.#.....


You could see an acid dragon (catching breath).

Vanquished Creatures
  An orc knight (D:8)
  Maggie (D:8)
  A komodo dragon (D:8)
  A hornet (D:6)
  10 yaks (D:8)
  A steam dragon (D:7)
  A black bear (D:6)
  4 orc warriors
  The ghost of phila the Trooper, an amateur HOFi (D:3)
  5 ogres
  A kobold brigand (D:8)
  2 bullfrogs
  A necrophage (D:4)
  3 scorpions
  6 killer bees
  A howler monkey (D:6)
  4 jellies
  4 orc priests
  2 iguanas
  4 orc wizards
  10 adders
  A white imp (D:6)
  An ufetubus (D:6)
  4 worms (D:2)
  7 dart slugs
  25 orcs
  4 bats
  13 endoplasms
  5 giant cockroaches
  11 goblins
  7 hobgoblins
  4 jackals (D:5)
  6 quokkas
  12 ball pythons
  4 frilled lizards (D:2)
  8 kobolds
  11 rats
187 creatures vanquished.

Vanquished Creatures (collateral kills)
  A hound (D:5)
1 creature vanquished.

Grand Total: 188 creatures vanquished

Notes
Turn   | Place    | Note
-------+----------+-------------------------------------------
     0 | D:1      | Anriel the Gargoyle Fighter began the quest for the Orb.
     0 | D:1      | Reached XP level 1. HP: 14/14 MP: 1/1
   268 | D:1      | Reached XP level 2. HP: 19/19 MP: 2/2
   752 | D:1      | Reached XP level 3. HP: 20/23 MP: 3/3
  1564 | D:2      | Found a faded altar of an unknown god.
  1622 | D:2      | Reached XP level 4. HP: 29/29 MP: 4/4
  2261 | D:3      | Reached XP level 5. HP: 26/33 MP: 5/5
  2567 | D:3      | Reached skill level 4 in Shields
  2588 | D:3      | Identified the +8 chain mail "Bic Pore" {rN+ Will+ MP+9}
  2588 | D:3      | Noticed phila's ghost (amateur HOFi)
  2654 | D:3      | Found a runed translucent door.
  3274 | D:4      | Found a bloodstained altar of Trog.
  3275 | D:4      | Found a stormy altar of Qazlal.
  3275 | D:4      | Found a shimmering blue altar of Sif Muna.
  3312 | D:4      | Found a burning altar of Makhleb.
  3323 | D:4      | Reached XP level 6. HP: 38/38 MP: 6/6
  3599 | D:4      | Reached skill level 5 in Shields
  3656 | D:4      | Reached skill level 5 in Armour
  3676 | D:4      | Reached XP level 7. HP: 25/43 MP: 7/7
  3933 | D:4      | Reached skill level 1 in Evocations
  4019 | D:4      | Found a sparkling altar of Nemelex Xobeh.
  4024 | D:4      | Found a basalt altar of Yredelemnul.
  4126 | D:4      | Reached skill level 6 in Shields
  4148 | D:4      | Found a sacrificial altar of Ru.
  4233 | D:5      | Entered Level 5 of the Dungeon
  4278 | D:5      | Identified the +1 sling of Turmoil {venom, rPois rN+}
  4311 | D:5      | Found a staircase to the Ecumenical Temple.
  4320 | Temple   | Entered the Ecumenical Temple
  4320 | Temple   | Found a transporter.
  4320 | Temple   | Found a transporter.
  4322 | Temple   | Found a transporter.
  4322 | Temple   | Found a transporter.
  4524 | D:5      | Reached XP level 8. HP: 48/48 MP: 8/8
  4541 | D:5      | Found a snail-covered altar of Cheibriados.
  5217 | D:6      | Reached skill level 5 in Maces & Flails
  5266 | D:6      | Reached skill level 7 in Shields
  5904 | D:7      | Noticed a hornet
  5918 | D:7      | Reached skill level 1 in Dodging
  6089 | D:6      | Killed a hornet
  6090 | D:6      | Reached XP level 9. HP: 14/52 MP: 9/9
  6333 | D:7      | Reached skill level 8 in Shields
  7152 | D:7      | Found Fuddal's Magic Scroll Shoppe.
  7158 | D:7      | Bought 2 scrolls of identify for 60 gold pieces
  7158 | D:7      | Bought a scroll of enchant weapon for 112 gold pieces
  7158 | D:7      | Bought 3 scrolls of identify for 90 gold pieces
  7339 | D:3      | Killed phila's ghost
  7408 | D:4      | Became a worshipper of Qazlal Stormbringer
  7658 | D:8      | Reached skill level 5 in Fighting
  7670 | D:8      | Reached skill level 1 in Ranged Weapons
  7863 | D:8      | Noticed a komodo dragon
  7903 | D:8      | Killed a komodo dragon
  7904 | D:8      | Reached skill level 9 in Shields
  8027 | D:8      | Noticed Maggie
  8040 | D:8      | Killed Maggie
  8041 | D:8      | Reached XP level 10. HP: 21/59 MP: 10/10
  8740 | D:8      | Noticed an orc knight
  8783 | D:8      | Killed an orc knight
  8808 | D:8      | Reached skill level 10 in Shields
  8846 | D:8      | Identified the +2 ring mail of Entitlement {Int+4}
  8891 | D:8      | Reached * piety under Qazlal
  8893 | D:8      | Killed from afar by an acid dragon

Illustrated notes

Levels and vault maps discovered:
D:1:      saegor_arrival_simple_d, layout_loops_cross
D:2:      layout_loops_cross, shapermc_ecumenical_altar_ellora,
          minmay_joined_circles
D:3:      layout_loops_corners, hellmonk_ghost_happy_afterlife
D:4:      minmay_chambers_of_fours, layout_basic, mainiacjoe_overflow_alcove_1,
          mainiacjoe_overflow_big_doors,
          chequers_temple_overflow_statue_of_worship
D:5:      layout_basic, mainiacjoe_overflow_alcove_2, minmay_temple_entry_waves
D:6:      nicolae_cairo_tiling_large_dashed, layout_basic
D:7:      layout_loops_ring, serial_shops, nicolae_square_shop
D:8:      layout_cave_pods, vehumet_statue, minmay_the_grid_2x2
          [minmay_the_grid_armoury, minmay_the_grid_holed_spiral,
          minmay_the_grid_box_x, minmay_the_grid_prize_shrinking_boxes],
          uniq_joseph, uniq_maggie, uniq_prince_ribbit1
Temple:   hellmonk_temple_divided_pantheon

Skill      XL: |  1  2  3  4  5  6  7  8  9 10 |
---------------+-------------------------------+-----
Armour         | 4 5 6 7 8 |  8.4
Maces & Flails | 3 4 5 6 7 |  7.4
Fighting       | 4 5 |  5.7
Shields        | 4 5 6 7 9 10 | 10.0
Evocations     | 1 3 4 |  4.7
Dodging        | 1 |  1.5
Ranged Weapons | 1 2 |  2.4

Action                   |  1- 3 |  4- 6 |  7- 9 | 10-12 || total
-------------------------+-------+-------+-------+-------++-------
Melee: Flail             |   149 |   207 |   369 |   109 ||   834
 Fire: Sling             |       |       |    24 |    23 ||    47
  Use: Scroll            |     6 |     9 |     8 |     1 ||    24
       Potion            |       |     2 |    11 |     1 ||    14
Armor: Scale mail        |    67 |       |       |       ||    67
       Plate armour      |     1 |    71 |       |       ||    72
       Chain mail        |       |    55 |   227 |    46 ||   328
Dodge: Dodged            |    53 |    29 |    85 |    20 ||   187
Block: Buckler           |    23 |     1 |       |       ||    24
       Tower shield      |       |   115 |   341 |    95 ||   551
